 Dungeon Crawl Stone Soup version 0.29-a0-96-g93358da72b (webtiles) character file.

Game seed: 2071156574028351594

112 Sweetruy1997 the Skirmisher (level 4, -8/37 HPs)
             Began as a Demonspawn Chaos Knight on Feb 12, 2022.
             Was a Plaything of Xom.
             Killed from afar by Sigmund (9 damage)
             ... with a magic dart
             ... on level 4 of the Dungeon.
             The game lasted 00:04:59 (2515 turns).

Sweetruy1997 the Skirmisher (DsCK)                  Turns: 2515, Time: 00:04:59

Health: -8/37      AC:  6    Str: 13    XL:     4   Next: 63%
Magic:  4/4        EV: 11    Int: 13    God:    Xom [..*...]
Gold:   128        SH:  0    Dex: 14    Spells: 3/3 levels left

rFire   . . .      SeeInvis .   a - +0 falchion (chaos)
rCold   . . .      Faith    .   (no shield)
rNeg    . . .      Spirit   .   b - +2 leather armour
rPois   .          Reflect  .   (helmet restricted)
rElec   .          Harm     .   (no cloak)
rCorr   .          Rampage  .   m - +0 pair of gloves
Will    .....                   (no boots)
Stlth   +.........              (no amulet)
HPRegen 0.12/turn               (no ring)
MPRegen 0.09/turn               (no ring)

@: confused
A: horns 1, spiny 1, demonic touch 1
a: Renounce Religion


You were on level 4 of the Dungeon.
You worshipped Xom.
You were a toy of Xom.
You visited 1 branch of the dungeon, and saw 4 of its levels.

You collected 128 gold pieces.

Inventory:

Hand Weapons
 a - a +0 falchion of chaos (weapon)
Armour
 b - a +2 leather armour (worn)
 m - a +0 pair of gloves (worn)
Jewellery
 h - a ring of wizardry
Wands
 j - a wand of iceblast (8)
 o - a wand of flame (21)
Scrolls
 c - a scroll of brand weapon
 e - a scroll of fog {unknown}
 i - a scroll of amnesia {unknown}
 l - a scroll of noise {unknown}
 p - a scroll of teleportation {unknown}
 q - a scroll of enchant armour {unknown}
Potions
 d - a potion of might {unknown}
 f - 2 potions of lignification {unknown}
 g - 2 potions of curing
 k - a potion of mutation {unknown}
 n - a potion of heal wounds {unknown}
 r - a potion of haste {unknown}


   Skills:
 + Level 3.8 Fighting
 + Level 3.8 Long Blades
 + Level 2.4 Armour
 - Level 1.0 Dodging
 + Level 0.8 Stealth


You had 3 spell levels left.
You didn't know any spells.
Your spell library was empty.

Dungeon Overview and Level Annotations

Branches:
Dungeon (4/15)
 Temple: D:4-7

Altars:

Annotations:
D:4 1 runed translucent door, Sigmund; innerfire433's ghost, novice DEAE


Innate Abilities, Weirdness & Mutations

You have a pair of small horns on your head.
You are partially covered in sharp spines.
Your touch may inflict minor irresistible damage on your foes.


Message History

The slug dart hits you.
You slash the dart slug!
You kill the dart slug! "Heh heh heh..."
Sigmund looks rather confused.
The white imp looks rather confused.
You see here a dart slug corpse.
Xom grants you insight.
You detect creatures!
Sigmund hits you with a +0 scythe!
You hit Sigmund. You drain Sigmund. Your headbutt misses Sigmund.
Sigmund is moderately wounded.
Sigmund seems less confused.
Sigmund gestures at you while chanting. The magic dart hits you!
You hit Sigmund. You freeze Sigmund. Your headbutt misses Sigmund.
Sigmund is heavily wounded.
The white imp seems less confused.
Sigmund hits you with a +0 scythe.
You hit Sigmund.
Sigmund is severely wounded.
Sigmund misses you.
You hit Sigmund. You freeze Sigmund. Your touch misses Sigmund.
Sigmund is severely wounded.
You hit Sigmund but do no damage.
Sigmund is severely wounded.
Sigmund casts a spell at you.
You are confused.
The white imp gestures at you. The puff of frost hits you!
* * * LOW HITPOINT WARNING * * *
You closely miss Sigmund. You headbutt Sigmund.
Sigmund is almost dead.
Sigmund is struck by your spines. Sigmund hits you with a +0 scythe!
* * * LOW HITPOINT WARNING * * *
Unknown command.
You are too confused!
You're too confused to move!
Sigmund casts a spell at you. The magic dart hits you!
You die...
Xom laughs nastily!

......#.# #### #...
.... <...B #.......#
...# ... ..# ...+ ##
.....#....# .#..
#.#.#....#. .....
+..........
##....###†#...####
......@@5.#...5..#+###
g
..#.#................#
#................#
+.....$..........#
#................# .
...................#..
............#.#......#
.[....##....#.#.......
...... #....#.#†......


You could see Sigmund (drained) and a white imp.

Vanquished Creatures
  3 adders
  An ufetubus (D:4)
  3 dart slugs
  6 bats
  5 endoplasms
  2 giant cockroaches
  6 goblins
  11 hobgoblins
  7 jackals
  5 quokkas
  5 ball pythons
  3 frilled lizards
  4 kobolds
  3 rats
64 creatures vanquished.

Vanquished Creatures (others)
  A hobgoblin (D:3)
1 creature vanquished.

Grand Total: 65 creatures vanquished

Notes
Turn   | Place    | Note
-------+----------+-------------------------------------------
     0 | D:1      | Sweetruy1997 the Demonspawn Chaos Knight began the quest
                  | for the Orb.
     0 | D:1      | Reached XP level 1. HP: 18/18 MP: 1/1
    61 | D:1      | XOM: smoke on damage
   183 | D:1      | XOM: divination: detect items
   293 | D:1      | Reached skill level 1 in Dodging
   293 | D:1      | Gained mutation: You are partially covered in sharp spines.
                  | [demonic ancestry]
   293 | D:1      | Reached XP level 2. HP: 23/24 MP: 2/2
   299 | D:1      | XOM: torment (13/24 hp)
   333 | D:1      | XOM: draining
   859 | D:1      | Discovered your monstrous ancestry.
   859 | D:1      | Gained mutation: Your touch may inflict minor irresistible
                  | damage on your foes. [demonic ancestry]
   859 | D:1      | Reached XP level 3. HP: 27/27 MP: 3/3
  1581 | D:2      | XOM: 2-stop teleportation journey
  2022 | D:3      | Gained mutation: You have a pair of small horns on your
                  | head. [demonic ancestry]
  2022 | D:3      | Reached XP level 4. HP: 37/37 MP: 4/4
  2082 | D:3      | XOM: god gift: 9 stones
  2400 | D:4      | Found a runed translucent door.
  2408 | D:4      | Noticed innerfire433's ghost (novice DEAE)
  2499 | D:4      | Noticed Sigmund
  2505 | D:4      | XOM: confuse monster(s)
  2507 | D:4      | XOM: divination: detect creatures
  2514 | D:4      | HP: 1/37 [Sigmund (9)]
  2515 | D:4      | Killed from afar by Sigmund

Illustrated notes

Levels and vault maps discovered:
D:1:      minmay_arrival_stone_box, layout_basic
D:2:      layout_basic, kennysheep_generic_room_8
D:3:      layout_rooms
D:4:      layout_basic, ebering_ghost_sewer_f, uniq_sigmund

Skill      XL: |  1  2  3 |
---------------+----------+-----
Dodging        | 1 |  1.0
Long Blades    | 3 |  3.8
Armour         | 2 |  2.4
Fighting       | |  3.8
Stealth        | |  0.8

Action                   |  1- 3 |  4- 6 || total
-------------------------+-------+-------++-------
Melee: Falchion          |    77 |    31 ||   108
       Punch             |     2 |       ||     2
       Touch             |     5 |     7 ||    12
       Headbutt          |       |     6 ||     6
  Use: Scroll            |       |     2 ||     2
 Stab: Sleeping          |     2 |       ||     2
Armor: Leather armour    |    27 |     7 ||    34
Dodge: Dodged            |    47 |    15 ||    62

Table legend: (Time is in decaauts)
 A = Elapsed time spent in this place.
 B = Non-inter-level travel time spent in this place.
 C = Inter-level travel time spent in this place.
 D = Time resting spent in this place.
 E = Time spent auto-exploring this place.
 F = Levels seen in this place.
 G = Mean time per level.
                   A        B        C        D        E       F      G
               +--------+--------+--------+--------+--------+-----+--------+
         Total |   2529 |   2479 |     50 |      0 |   2112 |   4 |  632.2 |
       Dungeon |   2529 |   2479 |     50 |      0 |   2112 |   4 |  632.2 |
               +--------+--------+--------+--------+--------+-----+--------+

Top non-repeatable levels by time:
     D:1: 1059 daAuts
     D:2: 879 daAuts
     D:3: 429 daAuts
     D:4: 161 daAuts
